Map: Nightscape LE

Players

qqq

  • Race: Zerg Zerg
  • League: Platinum
  • Spawn Location: 7:00

Massa

  • Race: Terran Terran
  • League: Platinum
  • Spawn Location: 7:00

asPredicted

  • Race: Protoss Protoss
  • League: Platinum
  • Spawn Location: 1:00

Moe

  • Race: Terran Terran
  • League: Diamond
  • Spawn Location: 1:00

VOD

Have the link to the VOD?

Description

Time

  • Played on: Jan. 24, 2021, 10:55 a.m.
  • Length: 20:22
Show
View Real Time Build Order
Export as new Build Order

qqq Zerg 

Build Orders: Hatch First, Brood Lord Corruptor 

Get SALT Encoding   

  12  0:01  Drone  
  13  0:10  Drone  
  14  0:31  Overlord  
  14  0:45  Hatchery  
  13  0:50  Drone  
  13  0:53  Drone  
  15  1:02  Drone  
  15  1:03  Drone  
  17  1:20  Spawning Pool  
  17  1:22  Extractor  
  15  1:33  Drone x2  
  17  1:49  Drone  
  17  1:50  Drone  
  19  2:05  Drone  
  19  2:06  Drone  
  21  2:14  Queen x2  
  25  2:20  Drone, Overlord  
  25  2:22  Drone  
  27  2:25  Drone  
  28  2:31  Metabolic Boost  
  28  2:37  Overlord  
  28  2:44  Extractor  
  28  2:45  Drone, Zergling x2  
  28  2:47  Zergling x2  
  28  2:50  Zergling x2  
  31  2:53  Zergling x2  
  32  3:03  Zergling x2  
  32  3:05  Zergling x2  
  34  3:08  Extractor  
  34  3:12  Zergling x2  
  35  3:13  Zergling x2  
  35  3:16  Lair  
  36  3:26  Zergling x4, Overlord  
  38  3:27  Zergling x6  
  41  3:39  Zergling x2  
  41  3:40  Zergling x4  
  44  3:54  Zergling x2  
  44  3:55  Zergling x2  
  46  3:59  Overlord  
  46  4:01  Hatchery, Drone  
  46  4:05  Drone  
  47  4:15  Zergling x2  
  47  4:16  Zergling x6  
  51  4:17  Zergling x2  
  52  4:32  Drone  
  52  4:33  Spire  
  49  4:59  Drone x5  
  52  5:00  Drone x2  
  52  5:01  Drone x2  
  52  5:03  Extractor  
  52  5:04  Spore Crawler  
  52  5:06  Extractor  
  53  5:07  Extractor  
  53  5:12  Drone  
  53  5:24  Drone, Infestation Pit  
  53  5:26  Drone  
  54  5:31  Hatchery  
  53  5:39  Drone, Overlord x2  
  53  5:41  Drone  
  55  5:45  Drone  
  55  5:46  Drone  
  57  5:51  Drone  
  58  5:57  Corruptor  
  60  6:05  Corruptor  
  60  6:07  Drone  
  60  6:10  Drone  
  64  6:13  Drone  
  64  6:14  Drone  
  64  6:16  Drone  
  67  6:19  Drone  
  68  6:27  Mutalisk  
  68  6:29  Corruptor  
  68  6:31  Drone  
  73  6:33  Drone  
  74  6:43  Drone x4  
  74  6:44  Drone x2  
  80  6:47  Overlord  
  80  6:54  Drone x3  
  80  6:55  Drone  
  80  7:15  Drone x6  
  84  7:17  Mutalisk x4  
  84  7:18  Corruptor  
  94  7:23  Zerg Flyer Weapons Level 1  
  94  7:26  Hive  
  94  7:27  Drone  
  90  7:39  Spore Crawler  
  90  7:40  Overseer  
  90  7:42  Pneumatized Carapace  
  82  7:52  Corruptor x2  
  86  8:02  Spore Crawler  
  86  8:03  Spine Crawler  
  84  8:12  Drone x3  
  87  8:22  Spine Crawler  
  87  8:26  Drone x3  
  89  8:35  Extractor  
  89  8:36  Extractor  
  87  8:47  Hatchery  
  86  8:49  Drone x2  
  86  8:50  Spire  
  86  8:51  Overlord x3  
  87  9:01  Hatchery  
  86  9:03  Mutalisk  
  88  9:12  Drone x4  
  80  9:27  Corruptor x2  
  80  9:29  Drone, Greater Spire  
  80  9:30  Drone x2  
  87  9:34  Drone  
  87  9:35  Drone  
  90  9:45  Drone x2  
  91  9:54  Drone, Ultralisk Cavern  
  91  9:55  Evolution Chamber  
  91  9:56  Evolution Chamber  
  89  10:06  Drone x2  
  91  10:07  Viper x2  
  91  10:10  Viper  
  91  10:13  Zerg Flyer Armor Level 1  
  100  10:15  Drone x3  
  100  10:17  Corruptor  
  100  10:18  Extractor, Overlord  
  100  10:19  Drone  
  105  10:22  Extractor, Zerg Melee Weapons Level 1  
  105  10:25  Drone x2  
  105  10:27  Spore Crawler  
  105  10:31  Spine Crawler  
  104  10:41  Drone x3  
  104  10:42  Drone, Corruptor  
  108  10:43  Corruptor  
  108  10:46  Brood Lord  
  114  10:52  Drone  
  114  10:55  Brood Lord  
  114  10:56  Brood Lord  
  119  10:58  Drone  
  119  10:59  Drone  
  119  11:02  Brood Lord  
  123  11:05  Spine Crawler  
  123  11:07  Spore Crawler  
  123  11:08  Drone x2  
  123  11:10  Drone  
  124  11:12  Drone x2  
  124  11:16  Brood Lord  
  128  11:23  Brood Lord x2  
  132  11:28  Overseer x2  
  132  11:39  Brood Lord  
  134  11:41  Overlord x5  
  134  11:42  Overlord  
  134  11:49  Zerg Flyer Weapons Level 2  
  134  11:52  Zerg Ground Armor Level 1  
  134  12:32  Corruptor x4  
  142  12:39  Drone x3, Spine Crawler, Spore Crawler  
  142  12:40  Spine Crawler  
  142  12:41  Spine Crawler  
  142  12:43  Brood Lord x2  
  142  12:44  Brood Lord  
  147  12:46  Drone x3  
  150  13:01  Queen  
  128  13:23  Corruptor x3  
  128  13:25  Ultralisk x2  
  128  13:26  Zergling x6, Ultralisk  
  132  13:37  Queen  
  132  13:38  Corruptor x3  
  137  13:41  Zergling x8  
  137  13:42  Drone x2  
  142  13:52  Brood Lord x4  
  142  13:54  Drone x2  
  152  14:10  Hatchery, Spine Crawler  
  152  14:15  Zergling x12  
  152  14:16  Zergling x10  
  160  14:18  Brood Lord x3  
  166  14:36  Hatchery  
  165  14:38  Zerg Flyer Weapons Level 3  
  165  14:40  Zerg Flyer Armor Level 2  
  165  14:43  Overlord x6  
  160  15:00  Spine Crawler x2  
  155  15:27  Drone  
  156  15:28  Ultralisk  
  156  15:30  Spore Crawler  
  156  15:31  Hatchery  
  156  15:32  Zerg Ground Armor Level 2, Zerg Melee Weapons Level 2  
  156  15:34  Spine Crawler, Anabolic Synthesis  
  156  15:35  Spine Crawler  
  158  15:36  Ultralisk  
  158  15:37  Corruptor  
  158  15:40  Viper  
  169  15:54  Viper  
  172  16:03  Drone x2  
  172  16:04  Drone  
  175  16:06  Viper  
  175  16:07  Corruptor  
  180  16:16  Chitinous Plating  
  180  16:28  Corruptor x2  
  180  16:29  Corruptor x2  
  140  16:48  Corruptor x4  
  102  16:56  Extractor, Corruptor x2  
  102  16:58  Zergling x2  
  102  16:59  Zergling x8  
  102  17:00  Extractor  
  99  17:06  Corruptor x2  
  101  17:17  Spore Crawler x3  
  101  17:19  Spore Crawler  
  101  17:21  Spore Crawler  
  87  17:24  Spine Crawler  
  87  17:25  Corruptor x2  
  87  17:26  Corruptor  
  87  17:27  Corruptor  
  88  17:36  Corruptor x2  
  87  17:38  Drone x3  
  85  17:44  Mutalisk  
  76  17:59  Corruptor x3  
  72  18:23  Brood Lord x2  
  75  18:41  Brood Lord  
  72  19:21  Overseer x3  
  72  19:23  Hatchery  
  71  19:26  Brood Lord x3  
Show
View Real Time Build Order
Export as new Build Order

Massa Terran 

Build Orders:  

Get SALT Encoding   

  12  0:00  SCV  
  13  0:12  SCV  
  14  0:22  Supply Depot  
  14  0:24  SCV  
  15  0:44  SCV  
  15  0:45  Barracks  
  16  0:56  SCV  
  17  1:08  SCV  
  18  1:20  SCV  
  18  1:25  Barracks  
  19  1:28  Supply Depot  
  19  1:32  SCV  
  20  1:38  Refinery  
  20  1:52  Marine  
  21  1:56  Barracks  
  21  1:58  Barracks  
  21  2:03  Orbital Command  
  21  2:10  Marine  
  21  2:11  Marine  
  23  2:34  Barracks Tech Lab  
  23  2:35  Marine  
  24  2:43  Marine  
  25  2:45  Marine  
  26  2:53  Marine  
  26  2:54  Stimpack  
  27  3:00  Marauder  
  27  3:01  Marine  
  27  3:03  Marine  
  31  3:08  Supply Depot  
  31  3:09  Supply Depot  
  31  3:10  Supply Depot  
  31  3:29  Marauder, Marine x3  
  36  3:47  Marine x3  
  39  3:51  Marauder  
  41  4:04  Marine x2  
  43  4:12  Marauder  
  45  4:18  Marine  
  45  4:22  Marine x2  
  40  4:34  Marauder  
  42  4:47  Command Center  
  42  5:10  Factory  
  42  5:14  Engineering Bay  
  42  5:15  Refinery, SCV  
  42  5:17  Marauder  
  42  5:18  Barracks Reactor, Barracks Tech Lab  
  42  5:19  Marine  
  46  5:27  SCV  
  47  5:37  Marine  
  47  5:39  SCV, Marauder  
  47  5:41  Missile Turret  
  51  5:55  Starport, Factory Reactor  
  51  5:59  SCV  
  51  6:03  Orbital Command  
  52  6:08  Combat Shield  
  52  6:11  SCV  
  53  6:19  Missile Turret  
  53  6:23  SCV  
  54  6:31  Refinery, SCV  
  55  6:35  SCV  
  55  6:36  Refinery  
  56  6:43  SCV  
  56  6:45  Medivac x2  
  61  6:47  Command Center  
  61  6:56  SCV x2  
  63  7:08  SCV x2  
  65  7:18  Concussive Shells  
  65  7:23  SCV x2  
  65  7:28  Factory Tech Lab  
  67  7:35  SCV x2  
  68  7:47  SCV x2  
  68  8:09  Marauder  
  70  8:19  Supply Depot  
  70  8:21  Supply Depot  
  70  8:24  Missile Turret  
  70  8:38  Marauder, Marine x3, Medivac x2  
  67  8:44  Command Center, Supply Depot  
  67  8:46  Supply Depot  
  67  8:55  SCV x2  
  73  9:02  Marauder  
  73  9:03  Marauder  
  73  9:04  Barracks Reactor  
  73  9:07  SCV x2  
  73  9:08  Medivac x2, Supply Depot  
  73  9:09  Supply Depot  
  79  9:19  SCV x2  
  85  9:24  Marauder x2  
  85  9:27  Missile Turret  
  85  9:32  Supply Depot  
  85  9:34  Sensor Tower  
  85  9:42  Ghost Academy  
  85  9:44  Orbital Command  
  85  9:45  Marauder x2  
  89  9:46  SCV  
  89  9:49  Missile Turret  
  90  9:53  Siege Tank  
  93  10:00  Liberator  
  93  10:02  Liberator  
  99  10:08  SCV x2  
  99  10:10  Sensor Tower, Planetary Fortress  
  101  10:16  SCV  
  101  10:20  SCV  
  101  10:21  SCV  
  104  10:25  Siege Tank  
  104  10:28  SCV  
  108  10:33  Factory  
  108  10:42  Liberator  
  108  10:44  Liberator  
  108  10:46  Refinery x2  
  108  10:49  SCV x4  
  118  10:58  Missile Turret  
  118  11:01  SCV x4  
  118  11:02  Siege Tank  
  125  11:07  Terran Infantry Weapons Level 1  
  125  11:10  Armory  
  125  11:12  Engineering Bay  
  125  11:13  SCV  
  126  11:20  Missile Turret  
  126  11:22  Refinery  
  126  11:23  Refinery  
  126  11:28  SCV x4  
  130  11:40  SCV x3  
  130  11:41  Missile Turret  
  130  11:42  SCV  
  134  11:47  Command Center  
  134  11:52  Terran Infantry Armor Level 1, SCV x3  
  137  11:57  Starport  
  137  11:58  Thor  
  137  12:00  Smart Servos  
  143  12:02  Liberator x2  
  149  12:10  Marauder x2, Marine x3  
  156  12:17  Supply Depot  
  156  12:18  Supply Depot x2  
  156  12:19  Supply Depot  
  156  12:23  Supply Depot  
  156  12:38  Marauder, Marine  
  156  12:39  Marauder  
  161  12:48  Marine x3  
  164  12:56  Marine  
  164  12:58  Barracks  
  165  13:00  Barracks, Marauder  
  165  13:01  Barracks  
  113  13:29  Marauder x2, Marine x3  
  113  13:30  Marine, Siege Tank  
  113  13:31  Factory Tech Lab  
  113  13:33  Liberator x2  
  98  13:47  Marine x4  
  102  13:48  Barracks Tech Lab x2  
  102  13:49  Barracks Tech Lab  
  102  13:50  Marauder  
  102  13:51  Marauder, Siege Tank  
  109  14:00  Planetary Fortress  
  109  14:03  Siege Tank  
  109  14:05  Marine x2  
  114  14:12  Marauder x2  
  114  14:15  Starport Reactor  
  114  14:16  Terran Infantry Armor Level 2, Terran Infantry Weapons Level 2, Liberator x2  
  124  14:20  Terran Vehicle Weapons Level 1  
  124  14:24  Enhanced Shockwaves  
  124  14:27  Armory  
  124  14:32  Missile Turret  
  124  14:33  Marauder x2  
  124  14:35  Siege Tank  
  131  14:42  Marauder x3  
  131  14:43  Marine  
  138  14:45  Marine  
  138  14:46  Marine  
  138  14:47  Marine  
  141  14:53  Missile Turret  
  141  14:54  Marauder  
  141  14:55  Marauder  
  145  15:03  Marauder  
  145  15:04  Marauder x2  
  151  15:07  Siege Tank  
  153  15:14  Drilling Claws  
  153  15:16  Marauder x2, Terran Vehicle And Ship Armor Level 1  
  157  15:21  Liberator x3  
  157  15:22  Liberator  
  169  15:29  Fusion Core  
  169  15:39  Marauder  
  169  15:40  Marauder x4  
  179  16:00  Thor x2  
  179  16:01  Marauder x4  
  107  17:05  Viking x4  
  107  17:07  Thor x2  
  107  17:09  Marine  
  107  17:10  Marine x8  
  98  17:27  Marine  
  98  17:28  Advanced Ballistics, Marine x3  
  102  17:31  Terran Infantry Weapons Level 3, Terran Infantry Armor Level 3  
  102  17:35  Viking x4  
  107  17:44  Marauder x4, Marine  
  113  17:45  Marine x3  
  113  17:46  Marauder  
  113  17:50  Thor x2  
  133  17:57  Terran Vehicle And Ship Armor Level 2  
  133  17:58  Terran Ship Weapons Level 1  
  133  18:02  Marine  
  133  18:03  Marine  
  133  18:05  Marauder, Viking  
  105  18:28  Marauder, Marine  
  105  18:29  Marauder x4, Marine  
  105  18:33  Thor  
  122  18:41  Medivac x2  
  122  18:42  Medivac  
  111  18:49  Marauder  
  111  18:50  Marauder x4  
  111  18:54  Marine  
  95  19:09  Marine  
  96  19:11  Marauder x5  
  106  19:32  Marauder  
  106  19:37  Command Center  
Show
View Real Time Build Order
Export as new Build Order

asPredicted Protoss 

Build Orders: Carriers 

Get SALT Encoding   

  12  0:00  Probe  
  13  0:12  Probe  
  14  0:25  Probe  
  15  0:32  Pylon  
  16  0:50  Probe (Chrono Boost)  
  16  0:51  Gateway  
  16  0:57  Forge  
  16  1:01  Probe (Chrono Boost)  
  17  1:08  Probe (Chrono Boost)  
  17  1:09  Gateway  
  18  1:17  Pylon  
  18  1:20  Probe  
  19  1:30  Assimilator  
  19  1:32  Probe  
  20  1:44  Probe, Assimilator  
  20  1:56  Probe  
  20  1:57  Cybernetics Core  
  21  2:15  Photon Cannon  
  21  2:20  Probe  
  21  2:21  Pylon  
  22  2:33  Probe  
  23  2:38  Sentry, Stalker  
  23  2:40  Warp Gate (Chrono Boost)  
  27  2:45  Shield Battery  
  27  2:46  Probe  
  28  3:00  Gateway  
  28  3:04  Gateway  
  28  3:07  Stalker  
  30  3:17  Twilight Council  
  30  3:23  Stalker  
  33  3:27  Probe  
  33  3:40  Stalker  
  35  3:48  Pylon  
  35  3:49  Shield Battery  
  35  3:53  Pylon  
  35  3:59  Charge  
  35  4:08  Photon Cannon  
  35  4:26  Stalker x2  
  39  4:35  Gateway  
  39  4:39  Pylon  
  39  4:47  Pylon  
  39  5:06  Probe  
  40  5:13  Nexus  
  40  5:14  Protoss Ground Armor Level 1 (Chrono Boost)  
  40  5:29  Dark Shrine  
  40  5:35  Zealot  
  42  5:37  Sentry  
  44  5:44  Probe  
  44  5:49  Pylon  
  45  5:56  Probe, Zealot  
  48  6:09  Probe  
  49  6:12  Assimilator  
  49  6:15  Assimilator  
  49  6:21  Probe  
  49  6:25  Probe (Chrono Boost), Blink (Chrono Boost)  
  51  6:31  Zealot  
  53  6:37  Probe (Chrono Boost)  
  55  6:40  Probe (Chrono Boost)  
  55  6:44  Probe (Chrono Boost)  
  57  6:47  Probe (Chrono Boost)  
  57  6:49  Dark Templar  
  57  6:51  Probe  
  60  6:54  Dark Templar  
  60  6:58  Probe  
  60  7:00  Dark Templar  
  65  7:09  Probe  
  65  7:10  Probe  
  67  7:28  Nexus  
  65  8:03  Protoss Ground Weapons Level 1 (Chrono Boost)  
  65  8:04  Stalker x4  
  73  8:09  Probe  
  74  8:15  Probe  
  75  8:21  Probe, Assimilator  
  75  8:25  Pylon  
  76  8:27  Probe  
  76  8:30  Shadow Stride  
  76  8:33  Probe  
  78  8:36  Pylon  
  78  8:39  Probe x2, Pylon  
  80  8:43  Dark Templar  
  80  8:44  Dark Templar  
  80  8:45  Probe  
  85  8:48  Stalker x2  
  85  8:51  Probe x2  
  91  8:57  Shield Battery  
  91  8:59  Photon Cannon  
  91  9:02  Pylon  
  91  9:06  Photon Cannon  
  91  9:08  Shield Battery  
  91  9:11  Pylon  
  91  9:20  Stalker x3  
  91  9:23  Archon  
  93  9:29  Probe x2  
  93  9:30  Photon Cannon  
  93  9:32  Probe  
  93  9:33  Photon Cannon  
  94  9:39  Pylon  
  94  9:41  Probe x2  
  96  9:47  Assimilator  
  96  9:50  Probe  
  96  9:52  Pylon  
  97  10:00  Pylon  
  97  10:01  Probe x2  
  97  10:04  Pylon  
  97  10:06  Stargate  
  99  10:08  Stargate  
  99  10:09  Probe  
  99  10:12  Protoss Ground Weapons Level 2 (Chrono Boost)  
  99  10:13  Probe x2  
  102  10:21  Probe  
  103  10:25  Probe  
  104  10:32  Photon Cannon  
  104  10:34  Shield Battery, Pylon  
  104  10:37  Protoss Air Weapons Level 1 (Chrono Boost)  
  104  10:39  Dark Templar x2  
  104  10:40  Dark Templar  
  110  10:54  Probe  
  110  10:56  Archon x2, Fleet Beacon  
  111  11:00  Void Ray x2 (Chrono Boost)  
  111  11:07  Stalker  
  121  11:19  Fleet Beacon  
  121  11:20  Probe x2, Pylon  
  123  11:28  Dark Templar x2  
  123  11:29  Dark Templar  
  129  11:35  Dark Templar  
  131  11:42  Probe (Chrono Boost)  
  134  11:48  Probe x2 (Chrono Boost)  
  134  11:51  Probe (Chrono Boost)  
  135  12:24  Carrier x2 (Chrono Boost), Stalker x4  
  147  12:34  Probe  
  146  12:45  Protoss Air Weapons Level 2  
  146  13:09  Archon  
  100  13:37  Carrier x2 (Chrono Boost)  
  98  13:51  Probe x3  
  98  13:54  Zealot x2  
  98  13:55  Zealot x2  
  109  14:10  Probe (Chrono Boost)  
  109  14:15  Dark Templar x4  
  109  14:16  Probe x2 (Chrono Boost)  
  116  14:31  Carrier (Chrono Boost)  
  116  14:32  Carrier (Chrono Boost)  
  128  14:45  Stargate  
  128  14:47  Zealot x4  
  120  15:15  Protoss Air Armor Level 1  
  120  15:18  Gateway  
  120  15:22  Stargate  
  120  15:24  Stargate  
  120  15:25  Gateway x3  
  120  15:26  Gateway  
  120  15:27  Carrier (Chrono Boost)  
  120  15:28  Carrier (Chrono Boost)  
  120  15:34  Carrier (Chrono Boost)  
  138  15:42  Dark Templar x2  
  142  15:52  Nexus  
  142  15:53  Zealot x2  
  146  16:02  Assimilator  
  146  16:05  Pylon  
  146  16:06  Assimilator  
  146  16:07  Pylon  
  146  16:13  Zealot x3  
  146  16:17  Carrier  
  158  16:25  Zealot x6  
  164  16:55  Zealot x9  
  164  16:57  Carrier x2  
  186  17:17  Zealot x7  
  200  17:30  Protoss Ground Weapons Level 3 (Chrono Boost)  
  198  17:37  Zealot  
  200  18:12  Carrier x3  
  166  18:21  Dark Templar  
  166  18:23  Zealot x8  
  148  18:53  Carrier x2  
  150  19:04  Dark Templar x2  
  150  19:05  Zealot x5  
  150  19:06  Zealot x2  
  156  19:38  Nexus  
  156  19:41  Assimilator  
  156  19:45  Assimilator  
  156  19:46  Pylon  
  156  19:48  Pylon  
  122  20:02  Stalker x6  
  122  20:03  Stalker  
Show
View Real Time Build Order
Export as new Build Order

Moe Terran 

Build Orders: 2 Factory, Mech 

Get SALT Encoding   

  12  0:01  SCV  
  13  0:13  SCV  
  14  0:17  Supply Depot  
  14  0:25  SCV  
  15  0:39  SCV  
  16  0:47  Refinery, Barracks  
  16  0:52  SCV  
  16  0:53  Refinery  
  17  1:04  SCV  
  18  1:16  SCV  
  19  1:28  SCV  
  20  1:36  Factory  
  20  1:39  Barracks Tech Lab  
  20  1:42  Orbital Command  
  20  1:58  Marine  
  21  2:18  Supply Depot  
  21  2:21  SCV  
  22  2:40  Siege Tank  
  22  2:44  Supply Depot  
  25  2:48  Command Center  
  25  2:59  SCV  
  26  3:12  Cyclone  
  29  3:18  SCV  
  30  3:25  Factory  
  30  3:27  Engineering Bay  
  30  3:32  SCV  
  31  3:44  SCV, Siege Tank  
  35  3:55  Factory  
  35  3:56  Supply Depot  
  35  4:09  SCV  
  36  4:11  Orbital Command  
  36  4:27  Siege Tank  
  36  4:28  SCV  
  36  4:31  Factory Tech Lab  
  40  4:40  SCV  
  40  4:45  Factory Tech Lab  
  41  4:46  SCV  
  42  4:54  Hellion  
  42  4:58  Infernal Pre-Igniter  
  42  4:59  Cyclone  
  47  5:12  Hellion  
  47  5:14  SCV x2  
  51  5:25  Missile Turret  
  51  5:26  SCV x2  
  53  5:29  Missile Turret  
  53  5:38  SCV x2  
  55  5:50  SCV x2  
  55  5:55  Command Center  
  57  6:00  Armory  
  57  6:01  Widow Mine, Armory  
  57  6:02  SCV x2  
  61  6:05  Refinery  
  61  6:10  Refinery  
  61  6:14  SCV  
  62  6:19  Supply Depot  
  62  6:20  Supply Depot  
  62  6:21  Supply Depot  
  62  6:41  Widow Mine, SCV x2  
  66  6:52  Command Center  
  66  6:53  SCV x2  
  68  7:05  SCV x2  
  70  7:12  Hellion  
  70  7:13  Hellion, Siege Tank  
  67  7:17  SCV x2  
  69  7:29  Refinery, SCV x2  
  71  7:30  Refinery  
  71  7:31  Factory  
  71  7:32  Factory  
  71  7:34  Siege Tank  
  74  7:37  Terran Vehicle Weapons Level 1  
  74  7:40  Terran Vehicle And Ship Armor Level 1  
  74  7:42  SCV x2  
  76  7:47  Orbital Command  
  76  7:54  SCV  
  76  7:55  Siege Tank  
  76  7:57  Siege Tank  
  83  8:05  Sensor Tower  
  83  8:08  SCV  
  83  8:09  SCV  
  85  8:17  Factory Tech Lab x2  
  85  8:23  Factory  
  85  8:27  SCV x3  
  87  8:28  Orbital Command  
  87  8:29  Factory, Thor x2  
  100  8:39  SCV x2  
  99  8:51  SCV  
  98  9:01  SCV x2  
  98  9:02  Sensor Tower  
  100  9:03  SCV  
  100  9:06  Cyclone x3  
  110  9:13  SCV x2, Factory  
  110  9:14  Factory  
  112  9:44  Missile Turret  
  112  9:45  Missile Turret x2  
  112  9:46  Missile Turret  
  112  9:47  Missile Turret  
  112  9:48  Missile Turret x2  
  112  9:52  Factory Tech Lab x2  
  112  9:55  SCV x3  
  115  10:03  Orbital Command  
  115  10:06  Refinery  
  115  10:07  Refinery  
  115  10:32  Supply Depot  
  115  10:33  Factory Tech Lab  
  115  10:34  Supply Depot  
  115  10:35  Factory Tech Lab  
  115  10:42  Hellion x2  
  115  10:44  SCV, Missile Turret  
  115  10:45  Missile Turret x2  
  116  10:52  Supply Depot x3  
  116  10:53  SCV x2, Terran Vehicle Weapons Level 2, Thor, Supply Depot  
  116  10:55  SCV, Thor, Supply Depot  
  116  10:56  SCV  
  132  11:13  SCV, Thor x3  
  132  11:14  Thor  
  157  11:18  SCV x2  
  157  11:19  SCV  
  157  11:21  Thor  
  166  11:29  Terran Vehicle And Ship Armor Level 2  
  166  11:30  Supply Depot  
  166  11:31  Supply Depot  
  166  11:40  Thor  
  172  11:51  Thor  
  172  11:52  Thor  
  184  11:56  Thor  
  190  12:03  Starport  
  190  12:05  Starport  
  190  12:06  Starport  
  190  12:28  Refinery, Command Center  
  190  12:32  Refinery  
  148  13:25  Thor x2, Siege Tank x4  
  148  13:26  Thor x3  
  134  13:48  Starport Reactor x3  
  134  13:58  Orbital Command  
  134  14:01  Thor x4  
  158  14:08  Thor  
  164  14:19  Thor  
  164  14:20  Thor  
  176  14:25  Viking x5  
  186  14:50  Command Center, Thor  
  186  14:51  Thor  
  186  14:52  Viking  
  197  14:54  Refinery  
  197  14:55  Viking  
  197  14:56  Terran Vehicle Weapons Level 3  
  199  15:03  Terran Vehicle And Ship Armor Level 3  
  199  15:36  Refinery  
  118  16:58  Thor x7  
  118  16:59  Thor x2  
  146  17:40  Thor  
  146  17:41  Thor x5  
  146  17:44  Thor x3  
  200  17:57  Orbital Command  
  194  19:05  Siege Tank x3  
  194  19:06  Siege Tank  
Tags
 
Add a new tag
Caveats
  • Supply blocks, unpowered buildings, or Contaminate may cause inaccurate times.
  • Supply counts are checked every 10 seconds.